 Dungeon Crawl Stone Soup version 0.22.0 (webtiles) character file.

52 HaroldButt the Charlatan (level 3, 0/31 HPs)
             Began as a Gnoll Wanderer on Aug 11, 2018.
             Was an Initiate of Gozag.
             Slain by an orc
             ... wielding a cursed +0 club
              (5 damage)
             ... on level 3 of the Dungeon.
             The game lasted 00:04:28 (1492 turns).

HaroldButt the Charlatan (Gnoll Wanderer)           Turns: 1492, Time: 00:04:29

Health: 0/31       AC:  2    Str: 17    XL:     3   Next: 85%
Magic:  6/6        EV: 13    Int: 12    God:    Gozag
Gold:   112        SH:  0    Dex: 14    Spells: 3/3 levels left

rFire    . . .     SeeInvis .   a - +2 short sword
rCold    . . .     Gourm    .   (no shield)
rNeg     . . .     Faith    .   d - +0 robe
rPois    +         Spirit   .   (no helmet)
rElec    .         Reflect  .   (no cloak)
rCorr    +         Harm     .   (no gloves)
MR       .....                  (no boots)
Stlth    ++........             (no amulet)
HPRegen  0.10/turn              p - ring of poison resistance
MPRegen  0.10/turn              k - ring of resist corrosion

@: no status effects
A: distributed training, fangs 1, strong nose
a: Potion Petition, Call Merchant, Bribe Branch, Renounce Religion


You were on level 3 of the Dungeon.
You worshipped Gozag.
Gozag was aware of your devotion.
You were not hungry.

You visited 1 branch of the dungeon, and saw 3 of its levels.

You collected 151 gold pieces.
You paid 39 gold pieces to Gozag.


Innate Abilities, Weirdness & Mutations

Your experience applies equally to all skills.
You have very sharp teeth.
Your uncanny sense of smell can sniff out nearby items.


   Skills:
 + Level 4.5 Fighting
 + Level 4.5 Short Blades
 + Level 0.9 Long Blades
 + Level 0.9 Axes
 + Level 0.9 Maces & Flails
 + Level 0.9 Polearms
 + Level 0.9 Staves
 + Level 0.9 Slings
 + Level 0.9 Bows
 + Level 0.9 Crossbows
 + Level 0.9 Throwing
 + Level 4.5 Armour
 + Level 2.6 Dodging
 + Level 2.4 Stealth
 + Level 0.9 Shields
 + Level 0.9 Unarmed Combat
 + Level 0.9 Spellcasting
 + Level 0.6 Conjurations
 + Level 0.6 Hexes
 + Level 0.6 Charms
 + Level 0.6 Summonings
 + Level 0.6 Necromancy
 + Level 0.6 Translocations
 + Level 0.6 Transmutations
 + Level 0.6 Fire Magic
 + Level 0.6 Ice Magic
 + Level 0.6 Air Magic
 + Level 0.6 Earth Magic
 + Level 0.6 Poison Magic
 + Level 1.0 Invocations
 + Level 4.5 Evocations


You had 3 spell levels left.
You didn't know any spells.
Your spell library was empty.

Inventory:

Hand Weapons
 a - a +2 short sword (weapon)
 b - a +0 spear
Missiles
 h - 5 tomahawks (quivered)
Armour
 d - a +0 robe (worn)
 j - a +0 plate armour
Jewellery
 k - a ring of resist corrosion (right hand)
 p - a ring of poison resistance (left hand)
Scrolls
 e - a scroll of teleportation {unknown}
 g - a scroll of noise {unknown}
 l - a scroll of immolation {unknown}
 m - 3 scrolls of identify {unknown}
 n - 3 scrolls of random uselessness {unknown}
 r - a scroll of remove curse {unknown}
Potions
 i - 4 potions of agility {unknown}
 o - a potion of ambrosia {unknown}
 q - a potion of lignification {unknown}
Comestibles
 f - 4 rations

Dungeon Overview and Level Annotations

Branches:
Dungeon (3/15)

Altars:
Gozag

.▒▒
▒.▒.▒.......▒.▒
..▒
▒.▒...........▒
▒.▒
▒......▒.▒.....
▒ ▒.▒
▒........▒▒▒ ..
▒.▒▒▒......▒▒▒
.o▒
▒..........▒ ..
▒▒.........▒ ∆
▒.▒▒▒.▒▒......▒
▒:.o.og▒......▒
▒▒...o.b......▒
▒.......)....▒
▒.......)....▒
▒........▒▒▒▒▒
▒▒▒▒▒....▒
........▒
▒▒▒▒▒▒▒▒▒


You could see an orc priest, 2 orcs and a bat.


Message History

* * * LOW HITPOINT WARNING * * *
You feel better. The orc closely misses you. The orc priest closely misses you.
An orc comes into view. It is wielding a flail.
You barely miss the orc priest.
The orc shouts!
Your bite misses the orc priest.
The orc priest is severely wounded.
The orc hits you but does no damage. The orc priest misses you.
You hit the orc priest.
The orc priest is severely wounded.
The bat misses you. The bat barely misses you. The orc closely misses you.
The orc priest invokes the aid of Beogh against you.
Pain shoots through your body!
* * * LOW HITPOINT WARNING * * *
You hit the orc priest but do no damage.
The orc priest is severely wounded.
The bat hits you.
* * * LOW HITPOINT WARNING * * *
You hit the orc priest but do no damage.
The orc priest is severely wounded.
The bat closely misses you. The orc priest closely misses you.
The orc hits you with a club.
You die...
Your body crumbles into a pile of gold.

Action                   || total
-------------------------++-------
Melee: Short sword       ||   100
       Bite              ||     9
  Use: Potion            ||     1
 Stab: Sleeping          ||     3
       Distracted        ||     1
  Eat: Chunk             ||     2
Armor: Robe              ||    11
Dodge: Dodged            ||    54

Vault maps used:
D:1:      nzn_arrival_settlement
D:3:      nicolae_overflow_hidden_temple, minmay_misc_feat_more_columns,
          hangedman_abyss_or_decor_lesser_grid, grunt_gozag_statues

Notes
Turn   | Place    | Note
-------+----------+-------------------------------------------
     0 | D:1      | HaroldButt the Gnoll Wanderer began the quest for the Orb.
     0 | D:1      | HaroldButt set off with: a +2 short sword, a +0 spear, a potion of curing {@q1}, a +0 robe, a ration
     0 | D:1      | Reached XP level 1. HP: 20/20 MP: 3/3
   356 | D:1      | Reached XP level 2. HP: 23/26 MP: 5/5
   786 | D:2      | Reached XP level 3. HP: 24/31 MP: 6/6
   889 | D:2      | Reached skill level 1 in Invocations
  1383 | D:3      | Found an opulent altar of Gozag.
  1400 | D:3      | Became a worshipper of Gozag Ym Sagoz the Greedy
  1492 | D:3      | Slain by an orc

Vanquished Creatures
  An adder (D:2)
  4 leopard geckos
  A ball python (D:3)
  4 bats
  A giant cockroach (D:2)
  7 goblins
  4 hobgoblins
  3 jackals (D:1)
  3 kobolds
  A quokka (D:2)
  3 frilled lizards
  3 rats (D:2)
35 creatures vanquished.
